 Dungeon Crawl Stone Soup version 0.13-a0-2450-ga447c6a (webtiles) character file.

2023 Rycklaryybbe the Reanimator (level 8, 0/62 HPs)
             Began as a Deep Dwarf Necromancer on July 17, 2013.
             Was a Follower of Makhleb.
             Slain by a wight
             ... wielding a +0,+0 great mace
              (1 damage)
             ... on Level 6 of the Dungeon.
             The game lasted 00:41:37 (6654 turns).

Rycklaryybbe the Reanimator (DDNe)                  Turns: 6654, Time: 00:41:37

HP   0/62        AC  8     Str 11      XL: 8   Next: 75%
MP  18/18        EV  9     Int 19      God: Makhleb [*.....]
Gold 297         SH  0     Dex 13      Spells:  5 memorised,  6 levels left

Res.Fire  : . . .   See Invis. : .   v - +0 halberd
Res.Cold  : . . .   Warding    : .   p - +0 ring mail
Life Prot.: . . .   Conserve   : .   (no shield)
Res.Poison: .       Res.Corr.  : .   z - +0 golden helmet
Res.Elec. : .       Clarity    : .   e - +0 cloak
Sust.Abil.: . .     Spirit.Shd : .   (no gloves)
Res.Mut.  : .       Stasis     : .   (no boots)
Res.Rott. : .       Flight     : .   (no amulet)
Saprovore : . . .                    (no ring)
                                     o - cursed ring of sustenance

@: non-regenerating, drained, somewhat resistant to hostile enchantments,
unstealthy
A: damage resistance, recharge devices, sense surroundings 1, slow healing 3,
slow metabolism 1
a: Device Recharging, Renounce Religion


You were on level 6 of the Dungeon.
You worshipped Makhleb.
Makhleb was pleased with you.
You were not hungry.

You visited 2 branches of the dungeon, and saw 8 of its levels.

You collected 277 gold pieces.

Inventory:

Hand weapons
 a - a +1,+1 dwarven short sword
 g - a +0,+0 club
 q - a -1,+0 orcish war axe
 v - a +0,+0 halberd (weapon)
 H - a +0,+0 war axe
 I - a -1,+1 orcish falchion
Missiles
 h - 15 darts of flame (quivered)
 j - 19 sling bullets of flame
 k - 26 stones
 r - a throwing net [frayed]
 w - a throwing net [frayed]
 x - 16 poisoned needles
 D - 28 darts
Armour
 e - a +0 cloak (worn)
 p - a +0 ring mail (worn)
 z - a +0 golden helmet (worn)
Magical devices
 c - a wand of heal wounds (0)
 E - a wand of paralysis (15) {unknown}
Comestibles
 d - 5 bread rations
 f - 2 pears
 m - a rambutan
 L - 3 rotting chunks of orc flesh
Scrolls
 s - a scroll of enchant weapon II {unknown}
 t - 5 scrolls of remove curse
 u - 3 scrolls of identify
 A - 2 scrolls of teleportation
 B - a scroll of fear {unknown}
 J - a scroll of enchant weapon III {unknown}
Jewellery
 o - a cursed ring of sustenance (left hand)
Potions
 i - 4 potions of curing
 l - 4 potions of heal wounds {unknown}
 n - a potion of speed {unknown}
 C - a potion of agility {unknown}
 G - a potion of restore abilities {unknown}
Books
 b - a book of Necromancy

   Spells                             Type                      Level
   *Pain                              Necromancy                   1
   *Animate Skeleton                  Necromancy                   1
   *Lethal Infusion                   Charms/Necromancy            2
   *Vampiric Draining                 Necromancy                   3
   Regeneration                       Charms/Necromancy            3
   *Animate Dead                      Necromancy                   4
   Control Undead                     Necromancy                   4
 y - a book of Dreams

   Spells                             Type                      Level
   Ensorcelled Hibernation            Hexes/Ice                    2
   Flight                             Charms/Air                   3
   Phase Shift                        Translocation                5
   Shadow Creatures                   Summoning                    5
   Mass Confusion                     Hexes                        6
   Darkness                           Hexes                        7


   Skills:
 - Level 5.6(5.2) Armour
 - Level 4.3(3.9) Dodging
 + Level 2.5(2.2) Stealth
 - Level 5.0(4.6) Spellcasting
 - Level 8.9(8.5) Necromancy


You had 6 spell levels left.
You knew the following spells:

 Your Spells              Type           Power        Failure   Level  Hunger
a - Pain                  Necr           ####         1%          1    None
b - Vampiric Draining     Necr           #####.....   1%          3    ###....
c - Lethal Infusion       Chrm/Necr      ###.......   6%          2    #......
d - Animate Dead          Necr           N/A          8%          4    ####...
e - Animate Skeleton      Necr           N/A          1%          1    None


Dungeon Overview and Level Annotations

Branches:
Dungeon (7/27)             Temple (1/1) D:5
    Orc: D:6-11

Altars:
Ashenzari
Cheibriados
Elyvilon
Fedhas
Kikubaaqudgha
Makhleb
Nemelex Xobeh
Okawaru
Sif Muna
Trog
Vehumet
Xom
Zin
the Shining One

Shops:
D:5: / D:7: +

Annotations
D:2 Ijyb
D:7 exclusion: orc priest


Innate Abilities, Weirdness & Mutations

You are resistant to damage.
You can recharge devices by infusing magical energy.
You passively map a small area around you.
You do not heal naturally.
You have a slow metabolism.


Message History

You reach to attack!
You barely miss the wight. The wight closely misses you.
An arrow misses the wight!
Attack whom?
Press: ? - help, Dir - move target cursor, f/p - wight
Aim: a wight, wielding a great mace and wearing a robe You closely miss the wight.
The wight misses you.
Attack whom?
Press: ? - help, Dir - move target cursor, f/p - wight
Aim: a wight, wielding a great mace and wearing a robe You hit the wight but do no damage.
The wight hits you with a great mace.
* * * LOW HITPOINT WARNING * * *
Attack whom?
Press: ? - help, Dir - move target cursor, f/p - wight
Aim: a wight, wielding a great mace and wearing a robe You hit the wight.
The wight is moderately damaged.
The wight hits you with a great mace!
* * * LOW HITPOINT WARNING * * *
You feel drained.
You die...

#....#####
#........##z.......
#.##.....#
##.##.#........##..
.#######.#
#.##.#%.########..
## #.# ##.##.#..#
#.. # #.#
##...#.#..# #.# #
#.# #.........# #.#
# #.#
##...###.#######
#.# # #.# ##z.#
#.......# #.# # #.#
##@.# #######.# #.#
# #.# ###...# #.#
#.# # #.# #.....#
#.# #.# # #.#
#.#...# #.###)# #
#)# #)##..# #......
#># #>)...##
##..#### #.#
####...#######...#
#######.#
#.#...<.......#
#.......#
#.............#


You could see a wight.

Vanquished Creatures
  An orc warrior (D:7)
  3 ogres
  4 centaurs
  A water moccasin (D:7)
  A jellyfish (D:3)
  3 crimson imps (D:5)
  2 hounds
  2 orc priests
  2 big fish (D:3)
  An iguana (D:4)
  3 scorpions
  2 worker ants
  A mummy (D:6)
  An orc wizard (D:3)
  7 gnolls
  12 adders
  A giant mite (D:4)
  5 worms
  A giant eyeball (D:5)
  An ooze (D:1)
  17 orcs
  3 ball pythons
  6 giant cockroaches
  9 goblins
  10 hobgoblins
  4 quokkas
  5 bats
  2 giant geckos
  9 giant newts
  A giant spore (D:6)
  2 hobgoblin zombies
  10 jackals
  A jackal skeleton (D:4)
  A jackal zombie (D:6)
  11 kobolds
  7 rats
152 creatures vanquished.

Vanquished Creatures (collateral kills)
  An ice beast (D:6)
  An orc warrior (D:6)
  2 jellyfish (D:3)
  A manticore skeleton (D:6)
  A hound (D:4)
  An orc wizard (D:4)
  An adder (D:4)
  A worm (D:4)
  2 orcs (D:4)
  A bat (D:4)
12 creatures vanquished.

Vanquished Creatures (others)
  A centaur skeleton (D:6)
  An ogre zombie (D:6)
  A worker ant zombie (D:6)
  An adder zombie (D:3)
  A gnoll zombie (D:3)
  A hobgoblin skeleton (D:6)
  A kobold (D:4)
  A kobold zombie (D:6)
  4 orc zombies
12 creatures vanquished.

Grand Total: 176 creatures vanquished

Notes
Turn   | Place    | Note
--------------------------------------------------------------
     0 | D:1      | Rycklaryybbe, the Deep Dwarf Necromancer, began the quest for the Orb.
     0 | D:1      | Reached XP level 1. HP: 15/15 MP: 3/3
   441 | D:1      | Reached XP level 2. HP: 20/22 MP: 2/4
  1062 | D:2      | Reached XP level 3. HP: 25/28 MP: 1/6
  1167 | D:2      | Learned a level 3 spell: Vampiric Draining
  1390 | D:2      | Reached XP level 4. HP: 36/36 MP: 1/9
  1571 | D:2      | Found a snail-covered altar of Cheibriados.
  1777 | D:2      | Noticed Ijyb
  1995 | D:2      | Gained mutation: You have a slow metabolism. [potion of beneficial mutation]
  2009 | D:3      | Reached skill level 1 in Armour
  2009 | D:3      | Reached skill level 5 in Necromancy
  2106 | D:3      | Learned a level 2 spell: Lethal Infusion
  2285 | D:3      | Reached XP level 5. HP: 29/42 MP: 8/10
  2553 | D:3      | Learned a level 4 spell: Animate Dead
  2878 | D:3      | Reached XP level 6. HP: 40/49 MP: 12/12
  2901 | D:3      | Reached skill level 6 in Necromancy
  3478 | D:4      | Reached XP level 7. HP: 28/55 MP: 4/15
  3703 | D:4      | Reached skill level 7 in Necromancy
  4099 | D:5      | Entered Level 5 of the Dungeon
  4105 | D:5      | Found Hemuyhu's Magical Wand Shop.
  4118 | D:5      | Found a staircase to the Ecumenical Temple.
  4150 | Temple   | Entered the Ecumenical Temple
  4350 | Temple   | Became a worshipper of Makhleb the Destroyer
  4481 | D:5      | Paralysed by a giant eyeball for 3 turns
  5254 | D:6      | Reached skill level 5 in Spellcasting
  5254 | D:6      | Reached skill level 8 in Necromancy
  5284 | D:6      | Reached XP level 8. HP: 58/62 MP: 1/18
  5339 | D:6      | Found an ancient bone altar of Kikubaaqudgha.
  5559 | D:6      | Acquired Makhleb's first power
  5571 | D:6      | Learned a level 1 spell: Animate Skeleton
  6272 | D:7      | Found Bleasm's Book Shop.
  6346 | D:6      | Reached skill level 5 in Armour
  6654 | D:6      | HP: 1/62 [wight/great mace (10)]
  6654 | D:6      | Slain by a wight

Action                   |  1- 3 |  4- 6 |  7- 9 || total
-------------------------+-------+-------+-------++-------
Melee: Unarmed           |     2 |       |       ||     2
       Club              |    21 |       |       ||    21
       Halberd           |       |   161 |   196 ||   357
       Short sword       |       |       |    86 ||    86
       Falchion          |       |       |    10 ||    10
       War axe           |       |       |    27 ||    27
Throw: Dart              |       |       |     1 ||     1
 Cast: Pain              |    60 |    50 |    29 ||   139
       Vampiric Draining |     1 |    17 |    47 ||    65
       Lethal Infusion   |       |     4 |     3 ||     7
       Animate Dead      |       |     3 |     4 ||     7
       Animate Skeleton  |       |       |     1 ||     1
 Abil: Device Recharging |       |       |     1 ||     1
Evoke: Wand              |     3 |     2 |     3 ||     8
  Use: Potion            |       |     2 |       ||     2
       Scroll            |       |       |     9 ||     9
 Stab: Sleeping          |       |     4 |     2 ||     6
       Distracted        |       |     1 |       ||     1
